 Dungeon Crawl Stone Soup version 0.30.0-29-ga12c61a403 (webtiles) character file.

Game seed: 15890620225957219449

60 qqlele the Magician (level 4, 0/31 HPs)
             Began as a Djinni Earth Elementalist on June 18, 2023.
             Killed from afar by an orc wizard (10 damage)
             ... with a magic dart
             ... while paralysed by Grinder
             ... on level 3 of the Dungeon.
             The game lasted 00:06:56 (1872 turns).

qqlele the Magician (Djinni Earth Elementalist)     Turns: 1872, Time: 00:06:56

Health: 0/31       AC:  2    Str:  7    XL:     4   Next: 24%
Gold:   189        EV:  2    Int: 19    God:
                   SH:  0    Dex: 13

rFire   + + .        h - +4 short sword
rCold   x . .        (no shield)
rNeg    . . .        a - +0 robe
rPois   ∞            (no helmet)
rElec   .            (no cloak)
rCorr   .            (no gloves)
SInv    .            (boots unavailable)
Will    .....        (no amulet)
Stlth   ++           (no ring)
HPRegen 0.25/turn    (no ring)
MPRegen 0.00/turn

%: infuse magic (-1 HP)
@: paralysed, flying
A: sickness immunity, fire resistance 2, cold vulnerability 1, float, innate
caster, HP casting, extra vitality 1
a: no special abilities


You were on level 3 of the Dungeon.
You visited 1 branch of the dungeon, and saw 3 of its levels.

You collected 189 gold pieces.

Inventory:

Hand Weapons
 h - a +4 short sword (weapon)
Missiles
 d - a throwing net
Armour
 a - a +0 robe (worn)
 o - a +0 buckler
Scrolls
 c - 3 scrolls of magic mapping
 e - a scroll of enchant armour {unknown}
 f - 3 scrolls of fog {unknown}
 g - 3 scrolls of noise {unknown}
 k - a scroll of torment {unknown}
 l - a scroll of blinking {unknown}
 q - a scroll of vulnerability {unknown}
Potions
 b - 2 potions of curing
 i - 3 potions of heal wounds
 j - a potion of might
 m - a potion of magic {unknown}
 n - a potion of resistance {unknown}
 p - a potion of attraction {unknown}


   Skills:
 - Level 2.1 Dodging
 - Level 2.0 Stealth
 + Level 3.6 Spellcasting


You knew the following spells:

 Your Spells              Type           Power      Damage    Failure   Level
a - Sandblast             Erth           34%        2d9       3%          1
b - Passwall              Tmut/Erth      14%        N/A       4%          2
c - Stone Arrow           Conj/Erth      34%        3d9       10%         3
d - Petrify               Tmut/Erth      17%        N/A       32%         4
e - Sting                 Tmut/Pois      68%        1d6       3%          1
Your spell library was empty.

Dungeon Overview and Level Annotations

Branches:
Dungeon (3/15)

Altars:

Annotations:
D:3 Grinder


Innate Abilities, Weirdness & Mutations

You are immune to sickness and miasma.
You are immune to poison.
Your flesh is very heat resistant. (rF++)
You are vulnerable to cold. (rC-)
You float through the air rather than walking.
You learn spells naturally, not from books.
Your magical power is your life essence.
You have superior vitality. (+4 MHP)


Message History

Casting: Sandblast (safe; 3% risk of failure)
Confirm with . or Enter, or press ? or * to list all spells.
Aiming: Sandblast (safe; 3% risk of failure)
Press: ? - help, Shift-Dir - straight line, f/p - Grinder
Aim: Grinder (moderately wounded, 80% to hit)
The blast of sand hits Grinder.
Grinder is moderately wounded.
Grinder hits you. Grinder hits you but does no damage.
Unknown command.
Casting: Sandblast (safe; 3% risk of failure)
Confirm with . or Enter, or press ? or * to list all spells.
Aiming: Sandblast (safe; 3% risk of failure)
Press: ? - help, Shift-Dir - straight line, f/p - Grinder
Aim: Grinder (moderately wounded, 80% to hit)
The blast of sand hits Grinder!
Grinder is severely wounded.
Grinder gestures at you. You resist with significant effort.
The orc wizard closely misses you.
Casting: Sandblast (safe; 3% risk of failure)
Confirm with . or Enter, or press ? or * to list all spells.
Aiming: Sandblast (safe; 3% risk of failure)
Press: ? - help, Shift-Dir - straight line, f/p - Grinder
Aim: Grinder (severely wounded, 80% to hit)
The blast of sand hits Grinder.
Grinder is almost dead.
Grinder gestures at you. Pain shoots through your body!
The orc wizard hits you with a +0 club. Grinder barely misses you.
The orc wizard closely misses you.
Casting: Sandblast (safe; 3% risk of failure)
Confirm with . or Enter, or press ? or * to list all spells.
Aiming: Sandblast (safe; 3% risk of failure)
Press: ? - help, Shift-Dir - straight line, f/p - Grinder
Aim: Grinder (almost dead, 80% to hit)
The blast of sand hits Grinder.
Grinder is almost dead.
Grinder gestures at you.
You suddenly lose the ability to move!
The orc wizard gestures at you while chanting.
The magic dart hits you!
You die...

########## #
#...##...## ..
#......#..## #
#.####......#...#
.......<...#####.#
#<##..#.#...#...#
#.......##..#.###
# ####..####.@5.#
#.##.....###.#o##
#...........:#.#
####.....#####.#
#.......# #.# ..
#.....#.# #.# .#
#.#.###.# #.# .#
#.#..# # .)# ..
#.##.# 8..


You could see Grinder and an orc wizard.

Vanquished Creatures
  An adder (D:2)
  4 orcs (D:3)
  5 ball pythons
  5 bats
  4 endoplasms
  A giant cockroach (D:2)
  6 goblins
  6 hobgoblins
  4 kobolds (D:2)
  5 frilled lizards
  A rat (D:1)
42 creatures vanquished.

Notes
Turn   | Place    | Note
-------+----------+-------------------------------------------
     0 | D:1      | qqlele the Djinni Earth Elementalist began the quest for
                  | the Orb.
     0 | D:1      | qqlele set off with the following spells memorised:
                  | Sandblast, Passwall, Stone Arrow, Petrify.
     0 | D:1      | Reached XP level 1. HP: 15/15 MP: 0/0
   399 | D:1      | Reached XP level 2. HP: 20/21 MP: 0/0
  1002 | D:2      | Reached skill level 3 in Spellcasting
  1002 | D:2      | Reached XP level 3. HP: 25/25 MP: 0/0
  1002 | D:2      | Learned a level 1 spell: Sting
  1502 | D:2      | Reached XP level 4. HP: 26/31 MP: 0/0
  1857 | D:3      | Noticed Grinder
  1872 | D:3      | Paralysed by Grinder for 5 turns
  1872 | D:3      | Killed from afar by an orc wizard

Illustrated notes

Levels and vault maps discovered:
D:1:      saegor_arrival_simple_e, layout_loops_corners,
          nicolae_figureground_pulse
D:2:      layout_basic, minmay_increasing_density
D:3:      minmay_general_purpose_star, layout_loops_cross,
          nicolae_overflow_ecumenical_swirl, hangedman_decor_slide_cut,
          grunt_ministairs_2, goddamned_bats, uniq_crazy_yiuf_cottage,
          uniq_grinder, uniq_natasha

Skill      XL: |  1  2 |
---------------+-------+-----
Stealth        | 2 |  2.0
Spellcasting   | 3 |  3.6
Dodging        | |  2.1

Action                     |  1- 3 |  4- 6 || total
---------------------------+-------+-------++-------
   Cast: Sandblast         |    44 |    18 ||    62
         Sting             |     3 |       ||     3
    Use: Scroll            |       |     5 ||     5
 Armour: Robe              |     6 |     1 ||     7
  Dodge: Dodged            |     9 |     4 ||    13
